 Dungeon Crawl Stone Soup version 0.30.1-4-g462c640d31 (webtiles) character file.

Game seed: 14112013648997175082

71 Kurtz the Covered (level 4, -3/28 HPs)
             Began as a Tengu Fighter on Sept 15, 2023.
             Slain by Grinder (5 damage)
             ... on level 4 of the Dungeon.
             The game lasted 00:02:12 (2176 turns).

Kurtz the Covered (Tengu Fighter)                   Turns: 2176, Time: 00:02:13

Health: -3/28      AC:  7    Str: 19    XL:     4   Next: 24%
Magic:  5/5        EV:  9    Int:  8    God:
Gold:   107        SH:  4    Dex: 13    Spells: 3/3 levels left

rFire   . . .        a - +0 war axe
rCold   . . .        c - +0 buckler
rNeg    . . .        b - +0 scale mail
rPois   .            (helmet restricted)
rElec   .            (no cloak)
rCorr   .            (no gloves)
SInv    .            (boots unavailable)
Will    .....        (no amulet) Stlth
                     (no ring)
HPRegen 0.24/turn    (no ring)
MPRegen 0.09/turn

%: no passive effects
@: mighty
A: beak, talons 3
a: no special abilities


You were on level 4 of the Dungeon.
You visited 1 branch of the dungeon, and saw 4 of its levels.

You collected 107 gold pieces.

Inventory:

Hand Weapons
 a - a +0 war axe (weapon)
Armour
 b - a +0 scale mail (worn)
 c - a +0 buckler (worn)
 f - a +0 pair of boots
Jewellery
 l - a +4 ring of protection
 q - a +6 ring of strength
Scrolls
 e - a scroll of enchant weapon {unknown}
 i - a scroll of silence {unknown}
 j - 3 scrolls of immolation {unknown}
 p - a scroll of teleportation {unknown}
 r - a scroll of summoning {unknown}
 t - a scroll of noise {unknown}
 v - a scroll of fear {unknown}
 w - a scroll of identify {unknown}
Potions
 g - a potion of attraction {unknown}
 h - 2 potions of flight {unknown}
 k - 2 potions of degeneration {unknown}
 m - 3 potions of haste {unknown}
 n - 2 potions of resistance {unknown}
 o - a potion of lignification {unknown}
 s - a potion of magic {unknown}
 u - a potion of curing {unknown}


   Skills:
 + Level 3.4 Fighting
 + Level 3.1 Axes
 + Level 4.0 Armour
 + Level 0.5 Dodging
 + Level 3.3 Shields


You had 3 spell levels left.
You didn't know any spells.
Your spell library was empty.

Dungeon Overview and Level Annotations

Branches:
Dungeon (4/15)
 Temple: D:4-7

Altars:

Annotations:
D:3 Sigmund
D:4 Grinder


Innate Abilities, Weirdness & Mutations

You have a beak for a mouth.
You have claws for feet.


Message History

The goblin shouts!
The goblin closely misses you.
You slash the goblin!
You kill the goblin!
You see here a +0 dagger.
Unknown command.
Found a stone staircase leading down.
Grinder comes into view.
Grinder shouts!
You hit Grinder but do no damage. You peck Grinder.
Grinder is lightly wounded.
You block Grinder's attack.
You closely miss Grinder. Your kick misses Grinder. Your peck misses Grinder.
Grinder is lightly wounded.
Grinder says, "Mostly I couldn't keep them alive."
Grinder gestures at you.
You suddenly lose the ability to move!
Grinder hits you.
You writhe in agony.
Grinder gestures at you. Pain shoots through your body!
You can move again.
Unknown command.
Sorry, you're not good enough to have a special ability.
Unknown command.
You feel very mighty all of a sudden. Grinder hits you but does no damage.
You closely miss Grinder. You claw Grinder!
Grinder is moderately wounded.
Grinder gestures at you.
You barely resist. You closely miss Grinder.
Grinder is moderately wounded.
Grinder hits you.
* * * LOW HITPOINT WARNING * * *
You writhe in agony.
* * * LOW HITPOINT WARNING * * *
You barely miss Grinder. Your peck misses Grinder.
Grinder is moderately wounded.
Grinder says, "I used to sell toenails on the black market."
Grinder hits you.
You die...

#.............)..
#.############### #.#
..#.. #.# #########.#.#
#.# #...<...#.#..
#####.# #.....#.#.###
...#.# #.......#...#
#.###.#.#.#...........#
#....5@>........>....[.
#####...#..............
.....####.########..
####..# #..# #.. ....
.. ##. ......# #.
#..### #. #... #.


You could see Grinder.

Vanquished Creatures
  3 adders (D:2)
  A worm (D:2)
  2 dart slugs
  5 ball pythons
  5 endoplasms
  A hobgoblin (D:1)
  4 jackals (D:1)
  3 quokkas
  4 bats
  3 frilled lizards
  2 goblins
  3 kobolds
  3 rats
39 creatures vanquished.

Notes
Turn   | Place    | Note
-------+----------+-------------------------------------------
     0 | D:1      | Kurtz the Tengu Fighter began the quest for the Orb.
     0 | D:1      | Reached XP level 1. HP: 14/14 MP: 2/2
    95 | D:1      | Reached XP level 2. HP: 18/19 MP: 3/3
   560 | D:1      | Reached XP level 3. HP: 16/23 MP: 4/4
  1187 | D:2      | Found a faded altar of an unknown god.
  1252 | D:2      | Reached skill level 4 in Armour
  1471 | D:2      | Reached XP level 4. HP: 18/28 MP: 5/5
  1888 | D:3      | Noticed Sigmund
  2168 | D:4      | Noticed Grinder
  2171 | D:4      | Paralysed by Grinder for 2 turns
  2176 | D:4      | Slain by Grinder

Illustrated notes

Levels and vault maps discovered:
D:1:      dpeg_arrival_simpleton_a, layout_basic
D:2:      layout_loops_ring, hellmonk_ecumenical_altar_pennies_from_heaven,
          st_stairs_12, grunt_decor_fettered
D:3:      layout_basic, nicolae_ru_sacrificial_ziggurat,
          guppyfry_early_lair_pool, uniq_sigmund
D:4:      layout_basic, bh_walls_and_bars, uniq_grinder

Skill      XL: |  1  2  3 |
---------------+----------+-----
Armour         | 4 |  4.0
Axes           | 3 |  3.1
Fighting       | |  3.4
Dodging        | |  0.5
Shields        | |  3.3

Action                     |  1- 3 |  4- 6 || total
---------------------------+-------+-------++-------
  Melee: War axe           |    60 |    11 ||    71
         Kick              |     9 |     1 ||    10
         Peck              |     7 |     2 ||     9
    Use: Potion            |       |     1 ||     1
 Armour: Scale mail        |    22 |    14 ||    36
  Dodge: Dodged            |    19 |     4 ||    23
  Block: Buckler           |    11 |     2 ||    13
